 Dungeon Crawl Stone Soup version 0.25.0-26-g0c896c7088 (webtiles) character file.

Game seed: 13975821793305383570

394 protoss039 the Chopper (level 6, -7/56 HPs)
             Began as a Minotaur Fighter on July 2, 2020.
             Mangled by a two-headed ogre
             ... wielding a +0 giant club
              (15 damage)
             ... on level 5 of the Dungeon.
             The game lasted 00:05:46 (3328 turns).

protoss039 the Chopper (Minotaur Fighter)           Turns: 3328, Time: 00:05:46

Health: -7/56      AC: 12    Str: 22    XL:     6   Next: 52%
Magic:  5/5        EV:  4    Int: 11    God:
Gold:   98         SH: 10    Dex: 10    Spells: 5/5 levels left

rFire    . . .     SeeInvis .   a - +0 war axe
rCold    . . .     Gourm    .   c - +0 kite shield
rNeg     . . .     Faith    .   o - +1 plate armour
rPois    .         Spirit   .   (helmet restricted)
rElec    .         Reflect  .   (no cloak)
rCorr    .         Harm     .   (no gloves)
MR       .....                  (no boots)
Stlth    ..........             (no amulet)
HPRegen  0.18/turn              e - +6 ring of intelligence
MPRegen  0.09/turn              (no ring)

@: no status effects
A: retaliatory headbutt, horns 2
a: no special abilities


You were on level 5 of the Dungeon.
You were hungry.

You visited 1 branch of the dungeon, and saw 5 of its levels.

You collected 98 gold pieces.

Inventory:

Hand Weapons
 a - a +0 war axe (weapon)
Armour
 c - a +0 kite shield (worn)
 o - a +1 plate armour (worn)
Jewellery
 e - a +6 ring of intelligence (left hand)
Wands
 g - a wand of flame (22)
 l - a wand of acid (8)
Scrolls
 h - 7 scrolls of identify
 j - a scroll of teleportation
 m - 3 scrolls of remove curse
Potions
 b - 2 potions of invisibility
 d - a potion of might
 i - 2 potions of lignification {unknown}
 k - 2 potions of stabbing {unknown}
 n - a potion of ambrosia {unknown}
Comestibles
 f - 6 rations


   Skills:
 + Level 5.1 Fighting
 + Level 6.3 Axes
 - Level 3.6 Armour
 + Level 5.5 Shields


You had 5 spell levels left.
You didn't know any spells.
Your spell library was empty.

Dungeon Overview and Level Annotations

Branches:
Dungeon (5/15)
 Temple: D:4-7

Altars:
Cheibriados
Gozag
Nemelex Xobeh

Shops:
D:4 *

Annotations:
D:5 Ijyb


Innate Abilities, Weirdness & Mutations

You reflexively headbutt those who attack you in melee.
You have a pair of horns on your head.


Message History

Ijyb hits you.
Unknown command.
You closely miss Ijyb. You headbutt Ijyb.
Ijyb is moderately wounded.
You block Ijyb's attack.
You miss Ijyb.
Ijyb is lightly wounded.
You hear the slow rusting of a distant drain.
You hit the two-headed ogre.
Your headbutt misses the two-headed ogre.
The two-headed ogre is lightly wounded.
The two-headed ogre hits you with a +0 giant club!!
The two-headed ogre hits you with a +0 giant spiked club!
* * * LOW HITPOINT WARNING * * *
You hit the two-headed ogre but do no damage.
You headbutt the two-headed ogre!
The two-headed ogre is moderately wounded.
The two-headed ogre barely misses you.
The two-headed ogre hits you with a +0 giant spiked club!
You die...

..# #.# #.# ..# ..# #.# #.#
#.# #.# #.# #.# #.# #.#####.#
#.# #.# # ........### #.#
#.#####8. ..........#
#.####....##..
#.#######.######.........#>..
#.gO@....######.###..
########.# #.###8. #.# #.# #
#.# #.# ## #.# #.# #. . #.#
#.# #. # #.# #.# #. ## .#
#.####. .# #.#....


You could see a two-headed ogre and Ijyb.

Vanquished Creatures
  An ogre (D:4)
  An orc wizard (D:4)
  A centaur skeleton (D:4)
  An orc priest (D:4)
  An iguana (D:4)
  A worker ant (D:4)
  4 adders
  An ooze (D:3)
  An adder skeleton (D:4)
  7 worms
  A dart slug (D:2)
  4 leopard geckos
  8 orcs
  2 ball pythons
  4 giant cockroaches
  5 goblins
  8 hobgoblins
  7 jackals
  3 quokkas
  12 bats
  7 frilled lizards
  A jackal skeleton (D:4)
  9 kobolds
  10 rats
100 creatures vanquished.

Notes
Turn   | Place    | Note
-------+----------+-------------------------------------------
     0 | D:1      | protoss039 the Minotaur Fighter began the quest for the
                  | Orb.
     0 | D:1      | Reached XP level 1. HP: 19/19 MP: 0/0
   277 | D:1      | Reached XP level 2. HP: 27/27 MP: 1/1
   639 | D:1      | Reached skill level 3 in Axes
   831 | D:2      | Reached XP level 3. HP: 33/33 MP: 2/2
  1109 | D:2      | Found an opulent altar of Gozag.
  1110 | D:2      | Found a sparkling altar of Nemelex Xobeh.
  1217 | D:2      | Reached XP level 4. HP: 41/41 MP: 3/3
  1640 | D:3      | Reached skill level 4 in Axes
  2091 | D:3      | Reached XP level 5. HP: 38/47 MP: 4/4
  2259 | D:4      | Found Nyol's General Store.
  2318 | D:4      | Reached skill level 5 in Shields
  2394 | D:4      | Reached skill level 5 in Axes
  2477 | D:4      | Found a snail-covered altar of Cheibriados.
  2480 | D:4      | Noticed an ogre
  2484 | D:4      | Killed an ogre
  2484 | D:4      | Reached XP level 6. HP: 43/55 MP: 5/5
  2584 | D:4      | Reached skill level 5 in Fighting
  2592 | D:4      | Reached skill level 6 in Axes
  3177 | D:5      | Entered Level 5 of the Dungeon
  3243 | D:5      | Found a sparkling altar of Nemelex Xobeh.
  3317 | D:5      | Noticed Ijyb
  3317 | D:5      | Noticed a two-headed ogre
  3328 | D:5      | Mangled by a two-headed ogre

Illustrated notes

Levels and vault maps discovered:
D:1:      dpeg_arrival_rhombus, layout_basic, hangedman_decor_opposing,
          st_stairs_1
D:2:      layout_loops_ring, grunt_temple_overflow_opulence, first_ration
D:3:      layout_loops_ring, kennysheep_generic_room_10
D:4:      layout_basic, cheibriados_altar_1, serial_shops, nicolae_shop_crystal
D:5:      layout_loops_ring, nicolae_overflow_hidden_temple,
          portal_sewer_entry_a, basic_altar, serial_shops,
          nicolae_shop_competitors_out_of_business, uniq_ijyb

Skill      XL: |  1  2  3  4  5  6 |
---------------+-------------------+-----
Shields        | 4 5 |  5.5
Fighting       | 4 5 |  5.1
Axes           | 3 4 5 6 |  6.3
Armour         | |  3.6

Action                   |  1- 3 |  4- 6 || total
-------------------------+-------+-------++-------
Melee: War axe           |    95 |   128 ||   223
       Headbutt          |    10 |    28 ||    38
  Use: Scroll            |       |     6 ||     6
  Eat: Chunk             |     1 |     6 ||     7
Armor: Scale mail        |    35 |     5 ||    40
       Plate armour      |       |    53 ||    53
Dodge: Dodged            |    38 |    19 ||    57
Block: Kite shield       |    54 |    67 ||   121
